 Dungeon Crawl Stone Soup version 0.28-a0-1387-g3a22ab9bdc (webtiles) character file.

Game seed: 3379084830005625059

72328 tilp the Gelid (level 15, -9/70 HPs)
             Began as a Felid Ice Elementalist on Jan 2, 2022.
             Was the Champion of Dithmenos.
             Mangled by a jumping spider (10 damage)
             ... on level 3 of the Lair of Beasts on Jan 3, 2022.
             The game lasted 01:36:58 (48534 turns).

tilp the Gelid (Felid Ice Elementalist)            Turns: 48534, Time: 01:36:59

Health: -9/70      AC:  3    Str:  4    XL:     15   Next: 0%
Magic:  2/26       EV: 12    Int: 35    God:    Dithmenos [******]
Gold:   955        SH:  0    Dex: 16    Spells: 8/28 levels left
                                        Lives:  0   Deaths: 3

rFire   + + .      SeeInvis +     - Unarmed
rCold   + . .      Faith    +   (shield unavailable)
rNeg    . . .      Spirit   .   (armour unavailable)
rPois   .          Reflect  .   (helmet unavailable)
rElec   .          Harm     .   (cloak unavailable)
rCorr   +          Rampage  .   (gloves unavailable)
Will    ++...                   (boots unavailable)
Stlth   ++++++++..              u - amulet "Wuloren" {Faith rF+ Int+4}
HPRegen 0.21/turn               b - +6 ring of intelligence
MPRegen 0.20/turn               R - ring "Heulemae" {Drain rF+ rCorr Slay+5 Stlth+}

@: held, wreathed by umbra, quick
A: very small, claws 1, fangs 3, see invisible, speed 1, shaggy fur 3, stealthy
paws, no weapons or thrown items, no armour, multi-lived
a: Renounce Religion, Shadow Step, Shadow Form


You were on level 3 of the Lair of Beasts.
You worshipped Dithmenos.
Dithmenos was exalted by your worship.
You visited 5 branches of the dungeon, and saw 25 of its levels.
You also visited: Gauntlet and Ice Cave.

You collected 3316 gold pieces.
You spent 2361 gold pieces at shops.

Inventory:

Armour
 T - a +1 pair of boots of rampaging
Jewellery
 b - a +6 ring of intelligence (left paw)
 c - a ring of positive energy
 g - a +6 ring of dexterity
 j - an amulet of reflection
 l - a ring of poison resistance
 m - an amulet of magic regeneration
 q - a ring of protection from fire
 t - a ring of protection from cold
 u - the amulet "Wuloren" (around neck) {Faith rF+ Int+4}
   (You found it in a Gauntlet)

   [amulet of faith]

   It allows you to gain divine favour quickly.
   Int:       It affects your intelligence (+4).
   rF:        It protects you from fire.
 J - a ring of positive energy
 M - a +6 ring of strength
 R - the ring "Heulemae" (right paw) {Drain rF+ rCorr Slay+5 Stlth+}
   (You acquired it on level 2 of the Orcish Mines)

   [ring of resist corrosion]

   Slay:      It affects your accuracy & damage with ranged weapons and melee
   (+5).
   rF:        It protects you from fire.
   rCorr:     It protects you from acid and corrosion.
   Drain:     It drains your maximum health when unequipped.
   Stlth:     It makes you more stealthy.
Wands
 n - a wand of polymorph (8)
 w - a wand of flame (35)
 A - a wand of charming (3)
 H - a wand of iceblast (14)
 O - a wand of mindburst (22)
 S - a wand of acid (2)
Scrolls
 o - 16 scrolls of teleportation
 r - 4 scrolls of amnesia
 x - 4 scrolls of blinking
 y - 2 scrolls of summoning
 G - 2 scrolls of fog
 L - a scroll of fear
 N - 2 scrolls of identify
 P - 2 scrolls of magic mapping
 Q - a scroll of acquirement
Potions
 a - 4 potions of mutation
 d - 9 potions of curing
 e - a potion of magic
 f - a potion of berserk rage
 h - 2 potions of ambrosia
 i - a potion of invisibility
 k - 6 potions of heal wounds
 s - 3 potions of lignification
 v - a potion of might
 z - 3 potions of cancellation
 B - 2 potions of resistance
 C - a potion of brilliance
 D - 4 potions of haste
 E - 4 potions of attraction
 K - 3 potions of flight
Miscellaneous
 p - a phial of floods
 F - a condenser vane
 I - a phantom mirror


   Skills:
 + Level 11.0 Fighting
 - Level 10.0 Dodging
 - Level 8.0 Stealth
 + Level 11.4 Unarmed Combat
 - Level 7.0 Spellcasting
 - Level 10.0 Conjurations
 - Level 4.0 Translocations
 - Level 15.0 Ice Magic
 - Level 6.0 Air Magic
 - Level 8.0 Invocations
 + Level 9.9 Evocations


You had 8 spell levels left.
You knew the following spells:

 Your Spells              Type           Power      Damage    Failure   Level
a - Freeze                Ice            100%       1d11      0%          1
b - Frozen Ramparts       Ice            100%       1d12      1%          3
c - Ozocubu's Armour      Ice            87%        N/A       1%          3
d - Hailstorm             Conj/Ice       79%        3d16      1%          4
e - Blink                 Tloc           80%        N/A       1%          2
f - Freezing Cloud        Conj/Ice/Air   35%        6-21      1%          5
g - Ensorcelled Hibernat  Hex/Ice        100%       N/A       1%          2

Your spell library contained the following spells:

 Spells                   Type           Power      Damage    Failure   Level
 Gell's Gravitas          Tloc           40%        N/A       1%          3
 Lesser Beckoning         Tloc           40%        N/A       1%          3
 Teleport Other           Tloc           40%        N/A       1%          3
 Ice Form                 Ice/Tmut       59%        N/A       1%          4
 Summon Ice Beast         Ice/Summ       59%        N/A       1%          4
 Iskenderun's Battlesphe  Conj           70%        2d12      1%          5
 Animate Skeleton         Necr           24%        N/A       3%          1
 Beastly Appendage        Tmut           24%        N/A       3%          1
 Pain                     Necr           48%        1d6       3%          1
 Slow                     Hex            48%        N/A       3%          1
 Passwall                 Tmut/Erth      10%        N/A       4%          2
 Wereblood                Tmut           12%        N/A       4%          2
 Metabolic Englaciation   Hex/Ice        29%        N/A       4%          5
 Confusing Touch          Hex            12%        N/A       10%         3
 Spider Form              Tmut/Pois      12%        N/A       10%         3
 Vampiric Draining        Necr           12%        2d6       10%         3
 Summon Lightning Spire   Summ/Air       33%        N/A       10%         4
 Fireball                 Conj/Fire      23%        3d11      12%         5
 Manifold Assault         Tloc           40%        N/A       19%         5
 Simulacrum               Ice/Necr       29%        N/A       24%         6
 Silence                  Hex/Air        16%        N/A       26%         5
 Animate Dead             Necr           6%         N/A       32%         4
 Dispel Undead            Necr           12%        3d9       32%         4
 Iron Shot                Conj/Erth      23%        9d5       54%         6
 Agony                    Necr           12%        N/A       67%         5
 Summon Mana Viper        Hex/Summ       12%        N/A       67%         5
 Dispersal                Tloc           20%        N/A       69%         6
 Spellforged Servitor     Conj/Summ      23%        N/A       98%         7
 Haunt                    Necr/Summ      6%         N/A       100%        7
 Monstrous Menagerie      Summ           6%         N/A       100%        7
 Storm Form               Tmut/Air       16%        N/A       100%        7
 Infestation              Necr           6%         N/A       100%        8
 Excruciating Wounds      Necr           Unusable   N/A       N/A         5

Dungeon Overview and Level Annotations

Branches:
Dungeon (15/15)            Temple (1/1) D:7            Lair (6/6) D:9
 Shoals (0/4) Lair:2       Spider (1/4) Lair:3        Slime (0/5) Lair:6
    Orc (2/2) D:9             Elf (0/3) Orc:2        Vaults (0/5) D:13
 Depths (0/4) D:15          IceCv (visited)         Gauntlet (visited)

Altars:
Ashenzari
Cheibriados
Dithmenos
Elyvilon
Fedhas
Gozag
Hepliaklqana
Kikubaaqudgha
Makhleb
Nemelex Xobeh
Okawaru
Qazlal
Ru
Sif Muna
Trog
Uskayaw
Vehumet
Wu Jian
Xom
Yredelemnul
Zin
The Shining One
Beogh
Jiyva

Shops:
D:7 *   Orc:2 ?:**

Annotations:
D:13 1 runed translucent door, p0werm0de's ghost, journeyman PaFi
Lair:6 1 runed translucent door


Innate Abilities, Weirdness & Mutations

You have sharp claws.
You have razor-sharp teeth.
You have supernaturally acute eyesight. (SInv)
You cover ground quickly. (Speed+)
Your thick and shaggy fur keeps you warm. (AC +3, rC+)
Your paws help you pounce on unaware monsters.
You are incapable of wielding weapons or throwing items.
You cannot wear armour.
You gain extra lives every three experience levels.


Message History

The jumping spider is almost dead.
The hail pelts the jorogumo!!
You kill the jorogumo!
Dithmenos accepts your kill.
The hail pelts the jumping spider!!!
You kill the jumping spider!
Dithmenos accepts your kill.
The jumping spider is engulfed in freezing vapours.
You kill the jumping spider!
Dithmenos accepts your kill. The jumping spider barely misses you.
The jumping spider bites you but does no damage.
The culicivora is engulfed in freezing vapours.
The jumping spider leaps!
The jumping spider misses you. x2
Welcome back to level 15!
Unknown command.
Your icy armour will break if you move.
Continue?
The jumping spider seems to regain its courage.
The culicivora is engulfed in freezing vapours.
The jumping spider leaps!
The jumping spider pounces on you.
* * * LOW HITPOINT WARNING * * *
You are caught in a web!
The jumping spider closely misses you.
The jumping spider is engulfed in freezing vapours.
The culicivora is engulfed in freezing vapours.
You climb upwards.
Welcome back to the Lair of Beasts!
Your icy armour cracks and falls away as you move.
There is a hole to the Spider Nest here.
Unknown command.
Unknown command.
Unknown command.
Aiming: Corrosive Bolt
Press: ? - help, Shift-Dir - straight line, f - jumping spider
Aim: a jumping spider (umbra, 67% to hit)
The bolt of acid hits the jumping spider!!
The jumping spider is heavily wounded.
The jumping spider pounces on you.
* * * LOW HITPOINT WARNING * * *
You are caught in a web!
The jumping spider closely misses you. The jumping spider pounces on you!
You die...

#### #####..## ##P..#.#^####
#....^#.##..###
####.....#.#.###.# #####
#.P#.#^#.###...^.######.#..
#......#.s##..##...........
#....^##..@#..^.....#..P#..
##.#+#.^.####..#...#....P..
#...####..##.^#...#.......
#.#..^^.^.^.#^........:...
#....#.###.##.............
##.......^#.#........(..#..
#P.........................
##.......#P.............#..
###.................#.......


You could see a jumping spider.

Vanquished Creatures
  An orc warlord (Orc:2)
  A minotaur (Gauntlet)
  A yaktaur captain (D:14)
  A quicksilver dragon skeleton (D:15)
  5 boulder beetles
  Erolcha (D:13)
  5 hydras
  A jorogumo (Spider:1)
  A vault guard (D:13)
  5 catoblepae
  A ghost crab (Gauntlet)
  9 centaur warriors
  2 death knights
  4 tengu warriors
  16 death yaks
  3 two-headed ogres
  5 orc high priests (Orc:2)
  A deep elf knight (D:12)
  A titan skeleton (D:15)
  2 fire crabs (shapeshifter)
  The ghost of Gwenloh the Transmogrifier, a novice FeTm of Yredelemnul (Lair:6)
  A skeletal warrior (D:15)
  A storm dragon skeleton (D:15)
  A deep troll (D:14)
  2 lindwurms
  14 orc knights
  A necromancer (D:15)
  4 deep elf pyromancers
  A phantasmal warrior (D:15)
  A deep elf zephyrmancer (D:12)
  An oklob plant (Lair:4)
  3 ugly things
  A frost giant zombie (D:15)
  2 orc sorcerers
  2 cyclopes (D:12)
  2 manticores (Lair:6)
  Joseph (D:9)
  9 elephants
  A merfolk siren (Lair:2)
  8 black mambas
  An ice statue (IceCv)
  A gargoyle (D:14)
  14 cane toads
  A molten gargoyle (Gauntlet)
  An unseen horror (D:12)
  4 rime drakes (Lair:6)
  12 komodo dragons
  3 kobold demonologists (D:12)
  3 tengu conjurers
  An efreet (D:15)
  A yaktaur (D:12)
  A guardian mummy (D:15)
  14 polar bears
  8 trolls
  2 hornets
  A tarantella (Spider:1)
  43 blink frogs
  5 slime creatures
  4 dream sheep (Lair:6)
  2 shadows
  4 wraiths
  Eustachio (D:5)
  3 jumping spiders
  2 vampires
  2 wyverns
  4 basilisks
  A steam dragon (D:6)
  72 yaks
  A redback (Spider:1)
  6 vampire mosquitoes
  3 wargs
  Menkaure (D:5)
  21 water moccasins
  An acid dragon (D:13)
  7 black bears
  53 orc warriors
  An ice beast (D:7)
  6 sky beasts
  37 wolves
  A boggart (D:12)
  6 ogres
  12 centaurs
  16 bullfrogs
  3 kobold brigands
  A wyvern zombie (D:6)
  4 scorpions
  2 electric eels (Lair:5)
  4 wights (D:8)
  11 howler monkeys
  A bullfrog zombie (D:6)
  5 centaur zombies
  A jelly (D:5)
  3 hounds
  2 centaur skeletons
  38 orc priests
  A bullfrog skeleton (D:4)
  An iguana (D:5)
  23 orc wizards
  10 hell rats
  A killer bee zombie (D:7)
  10 adders
  16 white imps
  2 adder skeletons (D:4)
  2 worms
  2 dart slugs
  88 orcs
  7 ball pythons
  7 bats
  An endoplasm (D:3)
  A giant cockroach (D:3)
  9 goblins
  4 hobgoblins
  9 jackals
  3 quokkas
  2 frilled lizards
  14 kobolds
  4 rats
798 creatures vanquished.

Vanquished Creatures (collateral kills)
  An orc warrior (Orc:2)
1 creature vanquished.

Vanquished Creatures (others)
  A water elemental (D:15)
  A centaur (D:15)
  2 bushes (Lair:5)
  61 fungi
  120 plants
  11 withered plants
196 creatures vanquished.

Grand Total: 995 creatures vanquished

Notes
Turn   | Place    | Note
-------+----------+-------------------------------------------
     0 | D:1      | tilp the Felid Ice Elementalist began the quest for the
                  | Orb.
     0 | D:1      | Reached XP level 1. HP: 7/7 MP: 4/4
   238 | D:1      | Reached skill level 4 in Ice Magic
   238 | D:1      | Reached XP level 2. HP: 11/11 MP: 3/6
  1367 | D:2      | Found a bloodstained altar of Trog.
  1503 | D:2      | Reached XP level 3. HP: 14/14 MP: 3/8
  1507 | D:2      | Learned a level 3 spell: Frozen Ramparts
  1511 | D:2      | Learned a level 3 spell: Ozocubu's Armour
  2112 | D:2      | Found a faded altar of an unknown god.
  2581 | D:3      | Noticed a sky beast
  2705 | D:3      | Reached XP level 4. HP: 18/18 MP: 1/9
  2970 | D:3      | Reached skill level 5 in Ice Magic
  3665 | D:3      | Killed a sky beast
  3666 | D:3      | Reached XP level 5. HP: 21/21 MP: 1/10
  3752 | D:4      | Reached skill level 6 in Ice Magic
  3872 | D:4      | Reached skill level 1 in Fighting
  3872 | D:4      | Reached skill level 1 in Unarmed Combat
  3872 | D:4      | Gained mutation: You are covered in thick fur. (AC +2)
                  | [Felid growth]
  3872 | D:4      | Reached XP level 6. HP: 21/25 MP: 2/11
  4039 | D:4      | Found an ancient bone altar of Kikubaaqudgha.
  4504 | D:3      | Learned a level 4 spell: Hailstorm
  5087 | D:5      | Entered Level 5 of the Dungeon
  5163 | D:5      | Noticed Menkaure
  5179 | D:5      | Noticed Eustachio
  5275 | D:5      | Reached XP level 7. HP: 14/30 MP: 7/12
  6174 | D:6      | Reached skill level 1 in Conjurations
  6455 | D:6      | Noticed a steam dragon
  6515 | D:6      | Reached XP level 8. HP: 30/33 MP: 13/13
  7133 | D:6      | Noticed a hornet
  7476 | D:6      | Reached skill level 7 in Ice Magic
  7885 | D:7      | Found a stormy altar of Qazlal.
  8372 | D:7      | Reached skill level 8 in Ice Magic
  8475 | D:7      | Found Soneuma's General Store.
  8586 | D:7      | Bought a scroll of magic mapping for 42 gold pieces
  8847 | D:7      | Found a staircase to the Ecumenical Temple.
  9027 | Temple   | Entered the Ecumenical Temple
  9322 | Temple   | Became a worshipper of Dithmenos the Shadowed
  9473 | D:7      | Reached skill level 5 in Unarmed Combat
  9473 | D:7      | Reached XP level 9. HP: 39/39 MP: 7/14
 10150 | D:8      | Found a blossoming altar of Fedhas.
 10608 | D:9      | Found a staircase to the Orcish Mines.
 11080 | D:9      | Reached skill level 5 in Conjurations
 11550 | D:9      | Found a staircase to the Lair.
 11793 | D:9      | Reached XP level 10. HP: 38/42 MP: 5/18
 11795 | D:9      | Reached skill level 5 in Spellcasting
 11795 | D:9      | Reached skill level 9 in Ice Magic
 11800 | D:9      | Reached * piety under Dithmenos
 11980 | D:9      | Noticed Joseph
 11994 | D:9      | Killed Joseph
 11995 | D:9      | Reached skill level 10 in Ice Magic
 11995 | D:9      | Reached skill level 1 in Invocations
 11995 | D:9      | Reached skill level 1 in Evocations
 12107 | D:10     | Entered Level 10 of the Dungeon
 12120 | D:10     | Learned a level 2 spell: Blink
 12147 | D:10     | Identified the +3 hand axe "Eviscerator" {pain, Str+2}
 12934 | D:10     | Found a shimmering blue altar of Sif Muna.
 12935 | D:10     | Found a glowing silver altar of Zin.
 13033 | D:10     | Got the Handbook of Transmigration and the Blaze
 13369 | D:11     | Reached skill level 1 in Translocations
 13370 | D:11     | Noticed Psyche
 13373 | D:11     | Noticed Psyche
 13373 | D:11     | Psyche changed into Psyche the adder
 13375 | D:11     | Killed Psyche the adder
 13477 | D:11     | Noticed a two-headed ogre
 14307 | D:11     | Noticed a seven-headed hydra
 14356 | D:11     | Reached XP level 11. HP: 46/46 MP: 14/19
 14550 | D:11     | Killed a seven-headed hydra
 14586 | D:11     | Killed a two-headed ogre
 14607 | D:11     | Noticed Sonja
 14609 | D:11     | Noticed Sonja
 14609 | D:11     | Sonja changed into Sonja the scorpion
 14613 | D:11     | Killed Sonja the scorpion
 15063 | D:5      | Killed Eustachio
 15165 | D:5      | Reached ** piety under Dithmenos
 15342 | D:5      | Killed Menkaure
 15343 | D:5      | Reached skill level 11 in Ice Magic
 15498 | Lair:1   | Entered Level 1 of the Lair of Beasts
 15886 | Lair:1   | Reached skill level 12 in Ice Magic
 16158 | Lair:1   | Noticed a six-headed hydra
 16214 | Lair:1   | Killed a six-headed hydra
 16215 | Lair:1   | Reached skill level 5 in Dodging
 16215 | Lair:1   | Reached skill level 5 in Stealth
 16499 | Lair:1   | Gained mutation: Your thick and shaggy fur keeps you warm.
                  | (AC +3, rC+) [Felid growth]
 16499 | Lair:1   | Reached XP level 12. HP: 51/51 MP: 14/20
 16763 | Lair:1   | You fall into a shaft and drop 1 floor!
 16769 | Lair:2   | Reached skill level 5 in Fighting
 17082 | Lair:2   | Reached *** piety under Dithmenos
 17554 | Lair:2   | Found a staircase to the Shoals.
 17960 | Lair:2   | Noticed a catoblepas
 18243 | Lair:3   | Got Qedesuatt's Catalogue of Weightlessness
 18259 | Lair:3   | Learned a level 5 spell: Freezing Cloud
 19357 | Lair:3   | Noticed a four-headed hydra
 19412 | Lair:3   | Found a hole to the Spider Nest.
 19670 | Lair:3   | Noticed a four-headed hydra
 19705 | Lair:3   | Killed a four-headed hydra
 20018 | Lair:3   | Killed a four-headed hydra
 20359 | Lair:4   | Noticed a boulder beetle
 20627 | Lair:4   | Found a gate leading to a gauntlet.
 20654 | Lair:4   | Killed a boulder beetle
 20749 | Gauntlet | Entered a Gauntlet
 20749 | Gauntlet | Found a transporter.
 20751 | Gauntlet | Noticed a ghost crab
 20789 | Gauntlet | Found a transporter.
 20799 | Gauntlet | Noticed an entropy weaver
 20805 | Gauntlet | Found a transporter.
 20809 | Gauntlet | Found a transporter.
 20827 | Gauntlet | Found a transporter.
 20840 | Gauntlet | Found a transporter.
 20845 | Gauntlet | Found a transporter.
 20850 | Gauntlet | Noticed a catoblepas
 20871 | Gauntlet | Noticed a cacodemon
 20872 | Gauntlet | Found a transporter.
 20892 | Gauntlet | Found a transporter.
 20896 | Gauntlet | Found a transporter.
 20898 | Gauntlet | Found a runed translucent door.
 20900 | Gauntlet | Found a runed translucent door.
 20904 | Gauntlet | Found a transporter.
 20921 | Gauntlet | Found a transporter.
 20999 | Gauntlet | Killed a ghost crab
 21008 | Gauntlet | Got the Guide on the Lethal Rocks
 21169 | Gauntlet | Identified the amulet "Wuloren" {Faith rF+ Int+4}
 21221 | Gauntlet | Noticed a minotaur
 21333 | Gauntlet | Killed a minotaur
 21334 | Gauntlet | Reached skill level 1 in Air Magic
 22496 | Lair:5   | Reached XP level 13. HP: 50/58 MP: 12/22
 22884 | Lair:5   | Reached **** piety under Dithmenos
 23876 | Orc:1    | Entered Level 1 of the Orcish Mines
 25669 | Lair:6   | Entered Level 6 of the Lair of Beasts
 25997 | Lair:6   | Found a frozen archway.
 26001 | Lair:6   | Reached ***** piety under Dithmenos
 26191 | IceCv    | Entered an ice cave
 26216 | IceCv    | Reached skill level 13 in Ice Magic
 26688 | IceCv    | Reached skill level 10 in Conjurations
 26864 | IceCv    | Reached XP level 14. HP: 58/63 MP: 13/25
 27068 | IceCv    | Noticed a frost giant
 27504 | Lair:6   | Reached skill level 14 in Ice Magic
 28938 | Lair:6   | Found a large runed translucent door.
 28939 | Lair:6   | Found a large runed translucent door.
 28976 | Lair:6   | Noticed Gwenloh's ghost (novice FeTm)
 29232 | Lair:6   | Reached skill level 15 in Ice Magic
 29343 | Lair:6   | Found a runed translucent door.
 29343 | Lair:6   | Found a viscous altar of Jiyva.
 29344 | Lair:6   | Noticed an azure jelly
 29346 | Lair:6   | Noticed an azure jelly
 29460 | Lair:6   | Reached skill level 5 in Air Magic
 29702 | Lair:6   | Found a staircase to the Slime Pits.
 30497 | Lair:6   | Reached ****** piety under Dithmenos
 30643 | Lair:6   | Slain by a catoblepas
 30644 | Lair:6   | Reached XP level 13. HP: -1/59 MP: 24/24
 31167 | Lair:2   | Reached skill level 5 in Evocations
 31560 | Orc:2    | Entered Level 2 of the Orcish Mines
 31671 | Orc:1    | Reached skill level 5 in Invocations
 32170 | Orc:2    | Reached XP level 14. HP: 63/63 MP: 11/25
 32897 | Orc:2    | Slain by an orc knight
 32898 | Orc:2    | Reached XP level 13. HP: -1/59 MP: 4/24
 33918 | Orc:2    | Found a staircase to the Elven Halls.
 34180 | Orc:2    | Noticed an orc warlord
 34265 | Orc:2    | Killed an orc warlord
 34846 | Orc:2    | HP: 3/60 [orc priest/divine providence (13)]
 38293 | Orc:2    | Found Qoutzol's Book Emporium.
 38293 | Orc:2    | Found Iciosaat's Magic Scroll Emporium.
 38294 | Orc:2    | Found Womo's Assorted Antiques.
 38294 | Orc:2    | Found Idits's General Store.
 38301 | Orc:2    | Bought a book of Dreams for 182 gold pieces
 38304 | Orc:2    | Learned a level 2 spell: Ensorcelled Hibernation
 38305 | Orc:2    | Bought a scroll of identify for 42 gold pieces
 38305 | Orc:2    | Bought a scroll of identify for 42 gold pieces
 38309 | Orc:2    | Bought a potion of experience for 600 gold pieces
 38309 | Orc:2    | Reached XP level 14. HP: 64/64 MP: 25/25
 38311 | Orc:2    | Bought a scroll of identify for 28 gold pieces
 38311 | Orc:2    | Bought a scroll of blinking for 105 gold pieces
 38312 | Orc:2    | Bought 2 scrolls of acquirement for 1248 gold pieces
 38312 | Orc:2    | Bought a scroll of teleportation for 36 gold pieces
 38312 | Orc:2    | Bought a scroll of teleportation for 36 gold pieces
 38313 | Orc:2    | Acquired the ring "Heulemae" {Drain rF+ rCorr Slay+5
                  | Stlth+}
 38505 | D:12     | Reached skill level 10 in Dodging
 40437 | D:12     | Reached skill level 10 in Unarmed Combat
 40453 | D:12     | Reached skill level 10 in Fighting
 40453 | D:12     | Reached XP level 15. HP: 69/69 MP: 10/26
 40853 | D:12     | Found a runed translucent door.
 41312 | D:13     | Noticed Erolcha
 41325 | D:13     | Killed Erolcha
 42636 | D:13     | Shot with an arrow by a centaur warrior
 42637 | D:13     | Reached XP level 14. HP: -18/66 MP: 17/25
 43077 | D:13     | Found a runed translucent door.
 43080 | D:13     | Noticed p0werm0de's ghost (journeyman PaFi)
 43087 | D:13     | Identified the +8 spear of the Iron City of Dis {venom,
                  | rF+}
 43398 | D:13     | Found a gate to the Vaults.
 44610 | D:14     | Identified the +2 robe "Letan" {rCorr Int+9 Dex-3 Stlth-}
 44824 | D:14     | Acquired 307 gold pieces
 44921 | D:15     | Entered Level 15 of the Dungeon
 45199 | D:15     | Found a staircase to the Depths.
 46842 | D:15     | Found the +8 autumn katana {vorpal, manifold assault}
 46912 | D:15     | Found a glowing golden altar of the Shining One.
 48395 | Lair:6   | Killed Gwenloh's ghost
 48522 | Spider:1 | Entered Level 1 of the Spider Nest
 48532 | Spider:1 | Reached XP level 15. HP: 4/70 MP: 1/26
 48532 | Spider:1 | HP: 3/70 [jumping spider (1)]
 48534 | Lair:3   | HP: 1/70 [jumping spider (3)]
 48534 | Lair:3   | Mangled by a jumping spider

Illustrated notes

Levels and vault maps discovered:
D:1:      dpeg_arrival_brainrot, layout_basic
D:2:      layout_loops_ring, basic_altar, serial_aquarium,
          aquarium_bridge_island_large [aquarium_subvault_large_1_pool,
          aquarium_subvault_bridge, aquarium_subvault_wall,
          aquarium_subvault_bridge, aquarium_subvault_wall],
          aquarium_bridge_square [aquarium_subvault_bridge,
          aquarium_subvault_bridge, aquarium_subvault_window,
          aquarium_subvault_balcony], aquarium_window_3, aquarium_window_1,
          aquarium_window_1, aquarium_window_1, aquarium_view_2g,
          aquarium_balcony_double_3,
          hellmonk_ecumenical_altar_pennies_from_heaven,
          grunt_decor_mini_mirrors
D:3:      layout_loops_ring, serial_forest, infiniplex_forest_lined_3,
          infiniplex_forest_clump_small, infiniplex_forest_clump_curved,
          infiniplex_forest_fountain
D:4:      layout_loops_ring, kiku_gazebo_garden_becter
D:5:      layout_rooms, guppyfry_early_lair_pool, uniq_eustachio, uniq_menkaure
D:6:      kennysheep_spiral_hall, layout_rooms, minmay_misc_feat_rows
D:7:      layout_basic, nicolae_qazlal_scattered_showers, temple_statues,
          serial_shops, kennysheep_little_box
D:8:      layout_loops_cross, lemuel_round_altar
D:9:      layout_stronghold, lair_entry_dummy, orc_0_dummy, uniq_joseph
D:10:     layout_loops_ring, mainiacjoe_overflow_divided_tiny
D:11:     layout_long_grid, uniq_sonja, uniq_psyche
D:12:     minmay_the_grid_triangle_9x9_recursive_3_mashed
          [minmay_the_grid_triangle_9x9_minimal,
          minmay_the_grid_triangle_9x9_longest,
          minmay_the_grid_triangle_9x9_subtriangle,
          minmay_the_grid_triangle_9x9_prize_schism,
          minmay_the_grid_triangle_9x9_flanged_cone,
          minmay_the_grid_triangle_9x9_swiss_cheese,
          minmay_the_grid_triangle_9x9_zippers_vertical,
          minmay_the_grid_triangle_9x9_shrine,
          minmay_the_grid_triangle_9x9_negative_grid], layout_loops_cross
D:13:     layout_roguey, david_vaults_4, ebering_ghost_funeral_grove,
          uniq_erolcha
D:14:     evilmike_horseshoe, layout_basic, minmay_misc_feat_tower,
          ebering_dispersal_statue_hall, nicolae_elevator_lobby_asterisk
D:15:     gammafunk_depths_entry_grave, layout_rooms,
          nicolae_tso_carved_into_rock, lemuel_freeze_loot_1
Temple:   minmay_temple_bridge_d
Lair:1:   layout_small_grid
Lair:2:   beast_lair_carwin_large_2, layout_misc_corridors,
          minmay_shoals_entry_lonely_mermaid, grunt_megastairs_2
Lair:3:   layout_chaotic_city, spider_nest_entry_rubble,
          infiniplex_staircase_pool_2
Lair:4:   layout_layer_cave, gauntlet_entry_generic
Lair:5:   layout_loops_ring, grunt_megastairs_4, serial_bayou_shore_a
Lair:6:   evilmike_catoblepas_cave, layout_loops_ring, slime_altar_2,
          ebering_ghost_disaster_area, portal_ice_cave_entry_imps, st_stairs_9,
          infiniplex_staircase_pool
Spider:1: layout_spider_delve
Orc:1:    cheibrodos_orc_arena, layout_diamond_mine, nicolae_orc_bridge_out,
          nicolae_orc_rockfall
Orc:2:    st_orc_pillars, layout_diamond_mine, basic_altar, mines5_lemuel

Skill      XL: |  1  2  3  4  5  6  7  8  9 10 11 12 13 14 15 |
---------------+----------------------------------------------+-----
Ice Magic      | 4 5 6 8 10 12 13 15 | 15.0
Spellcasting   | 3 4 5 7 |  7.0
Stealth        | 3 4 5 8 |  8.0
Fighting       | 1 2 3 4 8 9 11 | 11.0
Dodging        | 3 4 5 8 10 | 10.0
Unarmed Combat | 1 2 4 5 6 8 9 11 | 11.4
Conjurations   | 2 4 5 6 8 10 | 10.0
Invocations    | 4 6 8 |  8.0
Evocations     | 4 7 9 8 |  9.9
Translocations | 2 3 4 |  4.0
Air Magic      | 1 4 6 |  6.0

Action                   |  1- 3 |  4- 6 |  7- 9 | 10-12 | 13-15 || total
-------------------------+-------+-------+-------+-------+-------++-------
Melee: Unarmed           |    12 |    45 |   116 |   223 |   742 ||  1138
       Bite              |       |     5 |    10 |    28 |    61 ||   104
       Punch             |       |       |     5 |     4 |    20 ||    29
 Cast: Freeze            |    46 |    27 |    73 |    72 |    45 ||   263
       Frozen Ramparts   |     4 |    19 |    32 |    58 |   147 ||   260
       Ozocubu's Armour  |     3 |    15 |    34 |    52 |   140 ||   244
       Hailstorm         |       |       |     6 |    58 |   293 ||   357
       Freezing Cloud    |       |       |       |       |    82 ||    82
       Blink             |       |       |       |       |     6 ||     6
       Ensorcelled Hiber |       |       |       |       |     3 ||     3
Invok: Shadow Step       |       |       |       |       |     7 ||     7
Evoke: Wand              |       |       |       |    12 |    14 ||    26
       Phantom mirror    |       |       |       |       |     2 ||     2
       Phial of floods   |       |       |       |       |     1 ||     1
       Condenser vane    |       |       |       |       |     2 ||     2
  Use: Scroll            |     4 |     8 |     3 |    12 |     7 ||    34
       Potion            |       |       |       |     5 |     3 ||     8
 Stab: Sleeping          |     5 |     5 |     7 |     8 |    54 ||    79
       Distracted        |       |       |       |       |     2 ||     2
Armor: Skin              |     1 |     6 |    49 |    81 |   132 ||   269
Dodge: Dodged            |    29 |    44 |   190 |   343 |   836 ||  1442

Table legend: (Time is in decaauts)
 A = Elapsed time spent in this place.
 B = Non-inter-level travel time spent in this place.
 C = Inter-level travel time spent in this place.
 D = Time resting spent in this place.
 E = Time spent auto-exploring this place.
 F = Levels seen in this place.
 G = Mean time per level.
                   A        B        C        D        E       F      G
               +--------+--------+--------+--------+--------+-----+--------+
         Total |  44286 |  41855 |   2431 |  17662 |  16876 |  27 | 1640.2 |
       Dungeon |  22844 |  21386 |   1458 |   7816 |  10464 |  15 | 1522.9 |
        Temple |    293 |    180 |    113 |      0 |    169 |   1 |  293.0 |
          Lair |  11815 |  11093 |    722 |   4658 |   4387 |   6 | 1969.2 |
   Spider Nest |     10 |     10 |      0 |      0 |      0 |   1 |   10.0 |
  Orcish Mines |   7517 |   7382 |    135 |   4199 |   1718 |   2 | 3758.5 |
      Ice Cave |   1166 |   1166 |      0 |    659 |      0 |   1 | 1166.0 |
      Gauntlet |    638 |    638 |      0 |    328 |    136 |   1 |  638.0 |
               +--------+--------+--------+--------+--------+-----+--------+

Top non-repeatable levels by time:
   Orc:2: 4198 daAuts
   Orc:1: 3319 daAuts
    D:12: 3299 daAuts
  Lair:6: 2534 daAuts
    D:15: 2495 daAuts
  Lair:5: 2454 daAuts
  Lair:3: 2034 daAuts
     D:6: 1913 daAuts
    D:10: 1846 daAuts
  Lair:1: 1839 daAuts
     D:9: 1834 daAuts
  Lair:4: 1709 daAuts
    D:13: 1573 daAuts
     D:3: 1398 daAuts
     D:7: 1345 daAuts
